 Seeded DCSS version 0.30.1-9-gdf580d7c3d (webtiles) character file.

Game seed: 6351066067085065685 (custom seed)

1920 Esekla the Thaumaturge (level 8, 0/41 HPs)
             Began as a Deep Elf Wanderer on Oct 9, 2023.
             Was a Priest of Vehumet.
             Slain by Pikel
             ... wielding a +1 whip of flaming
              (3 damage)
             ... on level 6 of the Dungeon on Oct 10, 2023.
             The game lasted 00:59:48 (5797 turns).

Esekla the Thaumaturge (Deep Elf Wanderer)          Turns: 5797, Time: 00:59:49

Health: 0/41       AC:  5    Str: 11    XL:     8   Next: 95%
Magic:  24/24      EV: 12    Int: 21    God:    Vehumet [***...]
Gold:   370        SH:  4    Dex: 11    Spells: 11/27 levels left

rFire   . . .        c - +4 scimitar
rCold   . . .        d - +0 buckler
rNeg    . . .        K - +0 robe
rPois   .            l - +0 helmet
rElec   .            F - +0 cloak
rCorr   .            k - +0 pair of gloves
SInv    .            (no boots)
Will    .....        z - amulet of magic regeneration
Stlth   ++           (no ring)
HPRegen 0.26/turn    (no ring)
MPRegen 0.59/turn

%: no passive effects
@: no status effects
A: no striking features
a: Renounce Religion


You were on level 6 of the Dungeon.
You worshipped Vehumet.
Vehumet was most pleased with you.
You visited 1 branch of the dungeon, and saw 7 of its levels.

You collected 370 gold pieces.

Inventory:

Hand Weapons
 a - a +2 vampiric dagger
 c - a +4 scimitar (weapon)
 r - a +4 trident of venom
 s - the +5 rapier of the Hero {heavy, rN+ Dex+3}
   (You found it on level 3 of the Dungeon)

   Dex:       It affects your dexterity (+3).
   rN:        It protects you from negative energy.
Missiles
 A - 6 poisoned darts
 I - 4 throwing nets
 L - 4 curare-tipped darts (quivered)
Armour
 d - a +0 buckler (worn)
 k - a +0 pair of gloves (worn)
 l - a +0 helmet (worn)
 F - a +0 cloak (worn)
 K - a +0 robe (worn)
Jewellery
 z - an amulet of magic regeneration (around neck)
Wands
 i - a wand of roots (8)
 C - a wand of flame (10)
 H - a wand of mindburst (8)
Scrolls
 g - 8 scrolls of identify {unknown}
 n - a scroll of enchant armour {unknown}
 o - 2 scrolls of amnesia {unknown}
 p - a scroll of immolation {unknown}
 q - 5 scrolls of blinking {unknown}
 t - 2 scrolls of fog {unknown}
 w - 3 scrolls of enchant weapon {unknown}
 x - a scroll of silence {unknown}
 y - a scroll of magic mapping {unknown}
 B - a scroll of fear
 D - a scroll of summoning {unknown}
 E - 2 scrolls of teleportation {unknown}
 G - 2 scrolls of poison {unknown}
 J - 3 scrolls of noise {unknown}
Potions
 b - 2 potions of lignification
 e - 2 potions of ambrosia {unknown}
 f - 4 potions of attraction {unknown}
 h - 2 potions of heal wounds {unknown}
 j - 5 potions of curing {unknown}
 m - a potion of mutation {unknown}
 u - 3 potions of brilliance {unknown}
 v - 2 potions of haste {unknown}


   Skills:
 + Level 2.0 Short Blades
 + Level 1.2 Throwing
 * Level 4.3 Dodging
 + Level 2.8 Stealth
 + Level 2.1 Shields
 * Level 10.1 Spellcasting
 + Level 1.5 Conjurations
 * Level 5.9 Necromancy
 + Level 3.3 Translocations
 * Level 2.7 Transmutations
 * Level 2.1 Fire Magic
 * Level 1.5 Air Magic
 * Level 1.7 Poison Magic
 + Level 1.0 Invocations


You had 11 spell levels left.
You knew the following spells:

 Your Spells              Type           Power      Damage    Failure   Level
a - Magic Dart            Conj           68%        1d6       1%          1
b - Blink                 Tloc           48%        N/A       3%          2
c - Mephitic Cloud        Conj/Pois/Air  17%        N/A       4%          3
d - Vampiric Draining     Necr           35%        2d8       2%          3
n - Ignite Poison         Fire/Tmut/Pois 19%        N/A       3%          3
p - Apportation           Tloc           48%        N/A       2%          1
t - Teleport Other        Tloc           24%        N/A       7%          3

Your spell library contained the following spells:

 Spells                   Type           Power      Damage    Failure   Level
 Lesser Beckoning         Tloc           48%        N/A       3%          2
 Gell's Gravitas          Tloc           24%        N/A       7%          3
 Spider Form              Tmut/Pois      20%        N/A       11%         3
 Cause Fear               Hex            5%         N/A       65%         4
 Summon Mana Viper        Hex/Summ       10%        N/A       94%         5


Dungeon Overview and Level Annotations

Branches:
Dungeon (7/15)             Temple (0/1) D:6

Altars:
Dithmenos
Hepliaklqana
Okawaru
Qazlal
Trog
Vehumet
Zin
The Shining One

Shops:
D:2 =   D:4 (

Annotations:
D:6 Pikel


Message History

Aiming: Teleport Other (dangerous; 7% risk of failure)
Press: ? - help, Shift-Dir - straight line, f/p - lemure
Aim: a lemure (chance to affect: 64%)
The lemure looks slightly unstable.
The lemure completely misses you.
The lemure disappears!
As you read the scroll of fear, it crumbles to dust.
You assume a fearsome visage.
Pikel looks frightened!
Unknown command.
Your magical contamination has completely faded away.
You start resting.
Magic restored.
Pikel says, "You'll feel the lick of my whip!"
Pikel zaps a wand.
The roots erupt in riotous growth!
The grasping roots grab you! The grasping roots constrict you.
You hear a shout!
Okay, then.
Throw: 5 darts (curare)
Press: ? - help, Q - select action, (/) - cycle Shift-Dir - straight line, f - Pikel
Aim: Pikel, wielding a +1 whip of flaming, wearing a +0 robe and carrying a wand of roots (6) (50% to hit)
You throw a curare-tipped dart.
The curare-tipped dart closely misses Pikel.
The grasping roots constrict you.
The roots grasp on you weakens, but your attempt to escape fails.
Pikel hits you with a +1 whip of flaming.
Pikel burns you. The grasping roots constrict you.
You escape the roots grasp.
K - a +4 scimitar (weapon)
Pikel hits you with a +1 whip of flaming!
Pikel burns you.
* * * LOW HITPOINT WARNING * * *
Adjust (i)tems, (s)pells, or (a)bilities?
K - a +4 scimitar (weapon)
Adjust to which letter? (? for menu, Esc to quit)
c - a +4 scimitar (weapon);
K - a +0 robe (worn)
Pikel attacks as you move away!
Pikel hits you with a +1 whip of flaming!
* * * LOW HITPOINT WARNING * * *
Pikel burns you.
You die...

.#.#K######...^.....###..........
K....# #...####### #.#########
#....# #...# #.######### #..###
#...# #.......... .....#### ##.##
#.#...#.### #.......# #.#
#.....#.... ..#..##.# #.#
########### ..#..##.####.######
..#..........##K@.#
######(....5....###
..#.....######### ..#.....#
..#..##.# #....##.######
#..#.........# #..####.####.###
#.......##.....#


You could see Pikel and a lemure.

Vanquished Creatures
  A wyvern (D:7)
  Menkaure (D:7)
  An ice beast (D:6)
  A sky beast (D:6)
  A black bear (D:2)
  2 ogres
  A centaur (D:7)
  Blork the orc (D:6)
  A gnoll sergeant (D:7)
  2 scorpions (D:5)
  3 wights (D:7)
  5 hounds
  A jelly (D:6)
  Crazy Yiuf (D:7)
  A sleepcap (D:5)
  5 iguanas
  An orc wizard (D:7)
  15 gnolls
  8 adders
  4 white imps
  An ufetubus (D:6)
  A worm (D:4)
  3 dart slugs
  15 orcs
  4 endoplasms
  8 goblins
  5 hobgoblins
  A quokka (D:1)
  6 ball pythons
  4 bats
  4 frilled lizards
  5 kobolds
  A rat (D:2)
114 creatures vanquished.

Notes
Turn   | Place    | Note
-------+----------+-------------------------------------------
     0 | D:1      | Esekla the Deep Elf Wanderer began the quest for the Orb.
     0 | D:1      | Esekla set off with the following items: a +0 club, a
                  | potion of lignification, a +0 robe, a +0 buckler; and the
                  | following spells available to memorise: Apportation, Blink,
                  | Lesser Beckoning, Magic Dart, Ignite Poison, Vampiric
                  | Draining.
     0 | D:1      | Reached XP level 1. HP: 10/10 MP: 7/7
     2 | D:1      | Learned a level 1 spell: Magic Dart
     4 | D:1      | Learned a level 1 spell: Apportation
   245 | D:2      | Found Renulab's Jewellery Shop.
   646 | D:4      | Found a radiant altar of Vehumet.
   654 | D:4      | Found an iron altar of Okawaru.
   666 | D:4      | Found a glowing silver altar of Zin.
   750 | D:4      | Became a worshipper of Vehumet
   954 | D:3      | Reached XP level 2. HP: 15/15 MP: 3/9
   957 | D:3      | Learned a level 2 spell: Blink
  1156 | D:3      | Identified the +5 rapier of the Hero {heavy, rN+ Dex+3}
  1214 | D:2      | Reached skill level 5 in Spellcasting
  1354 | D:1      | Reached XP level 3. HP: 19/19 MP: 0/11
  1361 | D:1      | Learned a level 3 spell: Vampiric Draining
  1392 | D:1      | Reached * piety under Vehumet
  1392 | D:1      | Offered knowledge of Freeze by Vehumet.
  1416 | D:1      | Learned a level 3 spell: Teleport Other
  1503 | D:1      | Reached skill level 1 in Dodging
  1657 | D:2      | Reached skill level 1 in Necromancy
  1874 | D:3      | Reached XP level 4. HP: 22/24 MP: 11/13
  1992 | D:3      | Found a hazy altar of Hepliaklqana.
  1994 | D:3      | Found a bloodstained altar of Trog.
  2003 | D:3      | Reached skill level 1 in Short Blades
  2014 | D:3      | Found a stormy altar of Qazlal.
  2175 | D:4      | Found Ponaysk's Antique Weapon Boutique.
  2286 | D:4      | Found a glowing golden altar of the Shining One.
  2348 | D:4      | Reached XP level 5. HP: 25/28 MP: 8/15
  2426 | D:4      | Reached skill level 6 in Spellcasting
  2436 | D:5      | Entered Level 5 of the Dungeon
  2439 | D:5      | Got the Parchment of the Lumpy Olives
  2454 | D:5      | Found a shadowy altar of Dithmenos.
  2762 | D:2      | Found a faded altar of an unknown god.
  2787 | D:2      | Noticed a black bear
  2839 | D:2      | Killed a black bear
  2840 | D:2      | Reached XP level 6. HP: 32/32 MP: 10/17
  3208 | D:5      | Offered knowledge of Kiss of Death by Vehumet.
  3247 | D:5      | Reached skill level 7 in Spellcasting
  3323 | D:5      | Reached ** piety under Vehumet
  3373 | D:5      | Reached XP level 7. HP: 34/36 MP: 14/20
  3469 | D:5      | Reached skill level 8 in Spellcasting
  4347 | D:6      | Found a staircase to the Ecumenical Temple.
  4712 | D:6      | Noticed Blork the orc
  4828 | D:6      | Reached skill level 5 in Necromancy
  4899 | D:6      | Offered knowledge of Mephitic Cloud by Vehumet.
  4906 | D:6      | Learned a level 3 spell: Mephitic Cloud
  4911 | D:6      | Learned a level 3 spell: Ignite Poison
  5047 | D:6      | Reached skill level 1 in Conjurations
  5047 | D:6      | Reached XP level 8. HP: 41/41 MP: 22/22
  5059 | D:6      | Killed Blork the orc
  5060 | D:6      | Reached skill level 9 in Spellcasting
  5157 | D:7      | Found a runed translucent door.
  5158 | D:7      | Noticed Crazy Yiuf
  5166 | D:7      | Killed Crazy Yiuf
  5167 | D:7      | Reached skill level 1 in Fire Magic
  5361 | D:7      | Reached skill level 1 in Throwing
  5361 | D:7      | Reached skill level 1 in Air Magic
  5361 | D:7      | Reached skill level 1 in Poison Magic
  5388 | D:7      | Noticed Menkaure
  5391 | D:7      | Killed Menkaure
  5392 | D:7      | Reached skill level 1 in Transmutations
  5467 | D:7      | Reached *** piety under Vehumet
  5586 | D:7      | Reached skill level 10 in Spellcasting
  5746 | D:6      | Noticed Pikel
  5797 | D:6      | Slain by Pikel

Illustrated notes

Levels and vault maps discovered:
D:1:      sevenhm_arrival_forest_fort_small_3, layout_rooms,
          chequers_serial_rivers_room_b, minmay_misc_feat_five
D:2:      layout_loops_ring, dreamdust_ecumenical_altar_angels_and_demons,
          serial_shops, shop
D:3:      layout_basic, grunt_temple_overflow_open, minmay_misc_feat_iff
D:4:      layout_basic, nicolae_overflow_quartered_altars, serial_shops,
          nicolae_diamond_shop
D:5:      layout_loops_ring, lemuel_doored_altar, minmay_misc_feat_rows,
          dreamdust_wishing_well
D:6:      layout_loops_cross, fedhas_altar_fruit_tree,
          minmay_temple_entry_glass, uniq_pikel, uniq_blork_the_orc
D:7:      layout_basic, uniq_menkaure, uniq_joseph, uniq_crazy_yiuf_cottage

Skill      XL: |  1  2  3  4  5  6  7  8 |
---------------+-------------------------+-----
Spellcasting   | 5 6 7 8 10 | 10.1
Dodging        | 1 2 3 4 |  4.3
Necromancy     | 1 2 3 5 |  5.9
Short Blades   | 1 2 |  2.0
Stealth        | 2 |  2.8
Translocations | 3 |  3.3
Shields        | 2 |  2.1
Conjurations   | 1 |  1.5
Fire Magic     | 2 |  2.1
Throwing       | 1 |  1.2
Air Magic      | 1 |  1.5
Poison Magic   | 1 |  1.7
Transmutations | 2 |  2.7
Invocations    | |  1.0

Action                     |  1- 3 |  4- 6 |  7- 9 || total
---------------------------+-------+-------+-------++-------
  Melee: Short sword       |    21 |       |       ||    21
         Rapier            |    32 |    46 |    61 ||   139
         Dagger            |       |       |     4 ||     4
  Throw: Dart              |       |    16 |    24 ||    40
   Cast: Apportation       |    38 |     8 |    24 ||    70
         Magic Dart        |    56 |    17 |    46 ||   119
         Blink             |     1 |     1 |     1 ||     3
         Vampiric Draining |       |    17 |    24 ||    41
         Teleport Other    |       |       |     8 ||     8
         Ignite Poison     |       |       |     2 ||     2
         Mephitic Cloud    |       |       |     1 ||     1
  Evoke: Wand              |       |       |    14 ||    14
    Use: Scroll            |     1 |       |     1 ||     2
   Stab: Sleeping          |     4 |     3 |     5 ||    12
 Armour: Robe              |    38 |    11 |    19 ||    68
  Dodge: Dodged            |    53 |    42 |    50 ||   145
  Block: Buckler           |    17 |    13 |    15 ||    45
